 Dungeon Crawl Stone Soup version 0.27.1-3-gb3d3a73c9e (webtiles) character file.

Game seed: 1453209996761154660

203 earthworldpsion the Skirmisher (level 5, -1/47 HPs)
             Began as a Minotaur Berserker on Oct 19, 2021.
             Was a Believer of Trog.
             Slain by a gnoll (6 damage)
             ... on level 3 of the Dungeon.
             The game lasted 00:07:37 (2330 turns).

earthworldpsion the Skirmisher (Minotaur Berserker) Turns: 2330, Time: 00:07:37

Health: -1/47      AC:  8    Str: 23    XL:     5   Next: 51%
Magic:  4/4        EV: 11    Int:  4    God:    Trog [**....]
Gold:   137        SH:  0    Dex:  9    Spells: 4/4 levels left

rFire    . . .     SeeInvis .   a - +0 hand axe
rCold    . . .     Faith    .   (no shield)
rNeg     . . .     Spirit   .   d - +0 scale mail
rPois    .         Reflect  .   (helmet restricted)
rElec    .         Harm     .   (no cloak)
rCorr    .         Rampage  .   o - +0 pair of gloves
Will     .....                  (no boots)
Stlth    ..........             j - amulet of regeneration
HPRegen  1.15/turn              (no ring)
MPRegen  0.09/turn              (no ring)

@: no status effects
A: horns 2, retaliatory headbutt
a: Renounce Religion, Berserk, Trog's Hand


You were on level 3 of the Dungeon.
You worshipped Trog.
Trog was pleased with you.
You visited 1 branch of the dungeon, and saw 3 of its levels.

You collected 137 gold pieces.

Inventory:

Hand Weapons
 a - a +0 hand axe (weapon)
 g - a +0 dagger of venom
Armour
 d - a +0 scale mail (worn)
 o - a +0 pair of gloves (worn)
Jewellery
 j - an amulet of regeneration (around neck)
Wands
 b - a wand of flame (15) (quivered)
Scrolls
 c - a scroll of fear {unknown}
 f - a scroll of immolation {unknown}
 h - a scroll of silence {unknown}
 i - a scroll of identify {unknown}
 m - 2 scrolls of teleportation {unknown}
 p - a scroll of enchant armour {unknown}
 q - a scroll of magic mapping {unknown}
Potions
 e - a potion of heal wounds {unknown}
 k - a potion of cancellation {unknown}
 l - a potion of lignification {unknown}
 n - 3 potions of curing {unknown}


   Skills:
 + Level 4.9 Fighting
 + Level 4.9 Axes
 + Level 4.0 Armour
 + Level 3.7 Dodging


You had 4 spell levels left.
You didn't know any spells.
Your spell library contained the following spells:

 Spells                   Type           Power      Damage    Failure   Level
 Tukima's Dance           Hex            0%         N/A       99%         3
 Passage of Golubria      Tloc           N/A        N/A       100%        4
 Yara's Violent Unravell  Hex/Tmut       0%         3d3       100%        5


Dungeon Overview and Level Annotations

Branches:
Dungeon (3/15)

Altars:
Elyvilon


Innate Abilities, Weirdness & Mutations

You have a pair of horns on your head.
You reflexively headbutt those who attack you in melee.


Message History

You slash the hobgoblin!
You kill the hobgoblin!
Trog accepts your kill.
You closely miss the gnoll. The gnoll hits you with a +0 club.
The gnoll barely misses you.
You barely miss the gnoll. The gnoll hits you with a +0 club.
The gnoll barely misses you.
You slash the gnoll!
The gnoll is severely wounded.
The gnoll misses you. The gnoll barely misses you.
You slash the gnoll!
You kill the gnoll!
Trog accepts your kill. The gnoll misses you. The gnoll closely misses you.
Items here: $ ) ††.
The gnoll hits you with a +0 halberd!
Things that are here:
a +0 halberd; a gnoll corpse The gnoll misses you.
The gnoll barely misses you. You furiously retaliate!
You headbutt the gnoll. The gnoll hits you but does no damage.
The gnoll barely misses you.
The gnoll hits you from afar with a +0 halberd!
The gnoll hits you with a +0 halberd.
You slash the gnoll!
The gnoll is heavily wounded.
The gnoll hits you with a +0 halberd!
* * * LOW HITPOINT WARNING * * *
You barely miss the gnoll.
The gnoll is heavily wounded.
The gnoll misses you.
You barely miss the gnoll. Your headbutt misses the gnoll.
The gnoll is heavily wounded.
The gnoll hits you with a +0 halberd.
* * * LOW HITPOINT WARNING * * *
You hit the gnoll but do no damage. You headbutt the gnoll.
The gnoll is almost dead.
The gnoll hits you with a +0 halberd.
You die...

.....##..........# ...#
.##..##..........# ....#
......#..........#......
..##....................
.###.###........##...... .
.# #.###..†......#........
.# #.##...................
.# #.##..........##. ....
.# #.##.........@# ##.....
...#.##.........g##.......
##...##.>.......))..#
######......).##..#
##......####.# ######## .#
.# .# ..


You could see a gnoll.

Vanquished Creatures
  Crazy Yiuf (D:2)
  A bullfrog skeleton (D:2)
  A centaur skeleton (D:2)
  3 adders
  3 gnolls (D:3)
  A worm (D:3)
  4 dart slugs
  2 orcs (D:3)
  7 ball pythons
  3 endoplasms
  4 goblins
  3 hobgoblins
  6 kobolds
  4 quokkas
  9 bats
  3 frilled lizards
  3 rats
58 creatures vanquished.

Vanquished Creatures (others)
  An endoplasm (D:3)
  2 fungi (D:2)
  A plant (D:2)
4 creatures vanquished.

Grand Total: 62 creatures vanquished

Notes
Turn   | Place    | Note
-------+----------+-------------------------------------------
     0 | D:1      | earthworldpsion the Minotaur Berserker began the quest for
                  | the Orb.
     0 | D:1      | Reached XP level 1. HP: 19/19 MP: 0/0
   256 | D:1      | Reached XP level 2. HP: 26/27 MP: 1/1
  1275 | D:2      | Reached XP level 3. HP: 22/33 MP: 2/2
  1467 | D:2      | Reached XP level 4. HP: 41/41 MP: 3/3
  1467 | D:2      | Found a faded altar of an unknown god.
  1651 | D:2      | Reached ** piety under Trog
  1867 | D:2      | Found a runed translucent door.
  1868 | D:2      | Noticed Crazy Yiuf
  1876 | D:2      | Killed Crazy Yiuf
  1877 | D:2      | Reached XP level 5. HP: 15/47 MP: 0/4
  2248 | D:3      | Found a white marble altar of Elyvilon.
  2330 | D:3      | Slain by a gnoll

Illustrated notes

Levels and vault maps discovered:
D:1:      psy_arrival_basics, layout_basic, minivault_24
D:2:      layout_loops_corners, shapermc_ecumenical_altar_mp_ritualfount,
          uniq_crazy_yiuf_cottage
D:3:      layout_rooms, mainiacjoe_overflow_chevrons, general_overflow_altar

Skill      XL: |  1  2  3  4  5 |
---------------+----------------+-----
Fighting       | 4 |  4.9
Axes           | 4 |  4.9
Armour         | 3 4 |  4.0
Dodging        | 3 |  3.7

Action                   |  1- 3 |  4- 6 || total
-------------------------+-------+-------++-------
Melee: Hand axe          |    63 |    73 ||   136
       Headbutt          |     6 |    11 ||    17
Evoke: Wand              |       |     1 ||     1
Armor: Scale mail        |    30 |    24 ||    54
       Animal skin       |     1 |       ||     1
Dodge: Dodged            |    44 |    50 ||    94
